 Dungeon Crawl Stone Soup version 0.25-a0-346-g140ab784a8 (webtiles) character file.

Game seed: 651215574916584580, levelgen mode: deterministic

121 pk666 the Magician (level 4, 0/24 HPs)
             Began as a Deep Elf Wizard on Jan 1, 2020.
             Slain by an orc (4 damage)
             ... on level 3 of the Dungeon.
             The game lasted 00:03:43 (2942 turns).

pk666 the Magician (Deep Elf Wizard)                Turns: 2942, Time: 00:03:44

Health: 0/24       AC:  2    Str:  4    XL:     4   Next: 76%
Magic:  0/13       EV: 13    Int: 24    God:
Gold:   185        SH:  0    Dex: 13    Spells: 2/13 levels left

rFire    . . .     SeeInvis .   o - +0 dagger
rCold    . . .     Gourm    .   (no shield)
rNeg     . . .     Faith    .   a - +0 robe
rPois    .         Spirit   .   b - +0 hat
rElec    .         Reflect  .   (no cloak)
rCorr    .         Harm     .   (no gloves)
MR       .....                  (no boots)
Stlth    ++........             (no amulet)
HPRegen  0.08/turn              (no ring)
MPRegen  0.13/turn              (no ring)

@: no status effects
A: no striking features
a: no special abilities


You were on level 3 of the Dungeon.
You were not hungry.

You visited 1 branch of the dungeon, and saw 4 of its levels.

You collected 185 gold pieces.

Inventory:

Hand Weapons
 o - a +0 dagger (weapon)
Armour
 a - a +0 robe (worn)
 b - a +0 hat (worn)
Wands
 r - a wand of polymorph (1)
Scrolls
 c - 3 scrolls of identify {unknown}
 e - a scroll of enchant armour {unknown}
 g - 2 scrolls of remove curse {unknown}
 k - a scroll of amnesia {unknown}
 l - 2 scrolls of blinking {unknown}
 m - 2 scrolls of teleportation {unknown}
 t - a scroll of fear {unknown}
Potions
 f - 4 potions of degeneration {unknown}
 h - 2 potions of agility {unknown}
 i - a potion of flight {unknown}
 j - a potion of brilliance {unknown}
 n - 4 potions of curing {unknown}
 p - a potion of cancellation {unknown}
 q - 2 potions of heal wounds {unknown}
Comestibles
 d - 6 rations


   Skills:
 - Level 3.2 Dodging
 - Level 2.4 Stealth
 + Level 5.3 Spellcasting
 + Level 2.7 Conjurations
 + Level 1.8 Summonings
 - Level 1.1 Translocations
 + Level 1.2 Fire Magic
 + Level 0.9 Air Magic
 + Level 1.0 Poison Magic


You had 2 spell levels left.
You knew the following spells:

 Your Spells              Type           Power        Failure   Level  Hunger
a - Magic Dart            Conj           ###.         2%          1    None
b - Blink                 Tloc           N/A          9%          2    None
c - Conjure Flame         Conj/Fire      ###.....     12%         3    ##.....
d - Mephitic Cloud        Conj/Pois/Air  ##......     13%         3    ##.....
e - Call Imp              Summ           ###.....     6%          2    None

Your spell library contained the following spells:

 Spells                   Type           Power        Failure   Level  Hunger
 Slow                     Hex            #.......     13%         2    None


Dungeon Overview and Level Annotations

Branches:
Dungeon (4/15)
 Temple: D:4-7

Altars:
Hepliaklqana
Okawaru
Qazlal
Wu Jian
The Shining One


Message History

Aim: an orc, wielding a +0 hand axe and wearing a cursed +0 ring mail (chance to defeat MR: 63%)
The orc resists with significant effort.
Evoke which item? (* to show all) (? for menu, Esc to quit)
Aiming: Polymorph
Press: ? - help, Shift-Dir - straight line, f/p - orc
Aim: an orc, wielding a +0 hand axe and wearing a cursed +0 ring mail (chance to defeat MR: 63%)
The orc evaporates and reforms as a hobgoblin!
Casting: Blink (safe; 9% risk of failure)
Confirm with . or Enter, or press ? or * to list all spells.
Aiming: Magic Dart (safe; 2% risk of failure)
Press: ? - help, Shift-Dir - straight line, f/p - hobgoblin
Aim: a hobgoblin The magic dart hits the hobgoblin but does no damage.
Casting: Magic Dart (safe; 2% risk of failure)
Confirm with . or Enter, or press ? or * to list all spells.
You don't have enough magic to cast that spell.
The hobgoblin hits you.
* * * LOW HITPOINT WARNING * * *
The hobgoblin completely misses you. The orc hits you.
You die...

##########
##...##...##
##......@g..##
#........o...# #
#.......)....# ##
#............#
.#########..........##
........o......#...##
.....#########.#####
###### #.# #### #.#


You could see an orc and a hobgoblin.

Vanquished Creatures
  A worker ant zombie (D:3)
  2 adders (D:2)
  A gnoll (D:1)
  2 oozes
  A worm (D:3)
  A dart slug (D:1)
  5 leopard geckos
  A ball python (D:1)
  6 bats
  4 giant cockroaches
  7 goblins
  14 hobgoblins
  2 jackals (D:2)
  3 frilled lizards (D:2)
  4 kobolds
  5 rats
59 creatures vanquished.

Notes
Turn   | Place    | Note
-------+----------+-------------------------------------------
     0 | D:1      | pk666 the Deep Elf Wizard began the quest for the Orb.
     0 | D:1      | Reached XP level 1. HP: 10/10 MP: 7/7
   209 | D:1      | Reached XP level 2. HP: 15/15 MP: 5/9
   665 | D:1      | Reached skill level 5 in Spellcasting
   665 | D:1      | Reached XP level 3. HP: 19/19 MP: 1/11
   751 | D:1      | Learned a level 2 spell: Blink
   755 | D:1      | Learned a level 3 spell: Conjure Flame
   759 | D:1      | Learned a level 3 spell: Mephitic Cloud
   762 | D:1      | Learned a level 2 spell: Call Imp
  1235 | D:2      | Found a glowing golden altar of the Shining One.
  1235 | D:2      | Found an iron altar of Okawaru.
  1236 | D:2      | Found a hazy altar of Hepliaklqana.
  1351 | D:2      | Found an ornate altar of the Wu Jian Council.
  1523 | D:2      | Reached XP level 4. HP: 24/24 MP: 9/13
  1721 | D:2      | Found a stormy altar of Qazlal.
  2277 | D:3      | Reached skill level 1 in Fire Magic
  2277 | D:3      | Reached skill level 1 in Poison Magic
  2942 | D:3      | Slain by an orc

Levels and vault maps discovered:
D:1:      lightli_arrival_statue_moat, layout_loops_ring,
          minmay_misc_feat_columns
D:2:      layout_loops_corners, overflow_temple_1_default,
          nicolae_qazlal_eye_of_the_storm, grunt_temple_overflow_open
D:3:      layout_rooms, first_ration
D:4:      layout_basic, kennysheep_mini, grunt_gozag_breadcrumbs,
          gup_sewer_entry_pipe, grunt_ministairs_13

Skill      XL: |  1  2  3  4 |
---------------+-------------+-----
Dodging        | 3 |  3.2
Conjurations   | 2 |  2.7
Spellcasting   | 5 |  5.3
Fire Magic     | 1 |  1.2
Poison Magic   | 1 |  1.0
Stealth        | |  2.4
Summonings     | |  1.8
Translocations | |  1.1
Air Magic      | |  0.9

Action                   |  1- 3 |  4- 6 || total
-------------------------+-------+-------++-------
 Cast: Magic Dart        |    80 |    79 ||   159
       Blink             |       |     3 ||     3
       Mephitic Cloud    |       |     2 ||     2
Evoke: Wand              |       |     3 ||     3
  Eat: Chunk             |     2 |     4 ||     6
Armor: Robe              |       |     1 ||     1
Dodge: Dodged            |     6 |    15 ||    21

Table legend:
 A = Non-vault XP
 B = Vault XP
 C = Vault XP percentage of total XP
 D = Non-vault monster count
 E = Vault monster count
 F = Vault count percentage of total count
                 A         B        C        D         E       F
            +---------+---------+-------+---------+---------+-------
      Total |     173 |       0 |   0.0 |      59 |       0 |   0.0
            +---------+---------+-------+---------+---------+-------
        D:1 |      65 |       0 |   0.0 |      24 |       0 |   0.0
        D:2 |      74 |       0 |   0.0 |      26 |       0 |   0.0
        D:3 |      34 |       0 |   0.0 |       9 |       0 |   0.0
            +---------+---------+-------+---------+---------+-------
